 Dungeon Crawl Stone Soup version 0.28.0-43-g3370ac3207 (webtiles) character file.

Game seed: 3088432269922330286

202 DearestLeader the Poker (level 5, -5/41 HPs)
             Began as a Gnoll Wanderer on Feb 28, 2022.
             Was an Initiate of Ru.
             Slain by a two-headed ogre
             ... wielding a +0 giant club
              (16 damage)
             ... on level 4 of the Dungeon.
             The game lasted 00:03:38 (1751 turns).

DearestLeader the Poker (Gnoll Wanderer)            Turns: 1751, Time: 00:03:39

Health: -5/41      AC: 14    Str: 12    XL:     5   Next: 80%
Magic:  9/9        EV: 10    Int:  9    God:    Ru [......]
Gold:   115        SH:  0    Dex: 15    Spells: 9/10 levels left

rFire   . . .      SeeInvis .   a - +2 spear
rCold   + . .      Faith    .   (no shield)
rNeg    . . .      Spirit   .   g - +5 scale mail of Plasticity {rC+}
rPois   .          Reflect  .   j - +0 helmet
rElec   .          Harm     .   b - +0 cloak
rCorr   .          Rampage  .   (no gloves)
Will    .....                   (no boots)
Stlth   +.........              (no amulet)
HPRegen 0.13/turn               (no ring)
MPRegen 0.11/turn               (no ring)

@: about to teleport
A: fangs 1, strong nose, distributed training
a: Renounce Religion


You were on level 4 of the Dungeon.
You worshipped Ru.
Ru was noncommittal.
You visited 2 branches of the dungeon, and saw 5 of its levels.

You collected 115 gold pieces.

Inventory:

Hand Weapons
 a - a +2 spear (weapon)
 f - a +0 short sword of venom
Missiles
 e - 67 arrows
 k - 28 sling bullets
 r - 13 bolts
Armour
 b - a +0 cloak (worn)
 c - a +0 robe
 g - the +5 scale mail of Plasticity (worn) {rC+}
   (You found it on level 2 of the Dungeon)

   rC:        It protects you from cold.
 j - a +0 helmet (worn)
Scrolls
 h - a scroll of enchant weapon {unknown}
 m - a scroll of holy word {unknown}
 o - a scroll of noise {unknown}
 q - a scroll of identify {unknown}
Potions
 i - a potion of brilliance {unknown}
 l - a potion of ambrosia {unknown}
 n - a potion of degeneration {unknown}
 p - a potion of lignification {unknown}


   Skills:
 + Level 3.0 Fighting
 + Level 1.6 Short Blades
 + Level 1.6 Long Blades
 + Level 1.6 Axes
 + Level 1.6 Maces & Flails
 + Level 6.7 Polearms
 + Level 1.6 Staves
 + Level 1.6 Slings
 + Level 1.6 Bows
 + Level 1.6 Crossbows
 + Level 1.6 Throwing
 + Level 3.0 Armour
 + Level 4.8 Dodging
 + Level 1.6 Stealth
 + Level 1.6 Shields
 + Level 1.6 Unarmed Combat
 + Level 3.2 Spellcasting
 + Level 1.3 Conjurations
 + Level 1.3 Hexes
 + Level 1.3 Summonings
 + Level 1.3 Necromancy
 + Level 1.3 Translocations
 + Level 1.3 Transmutations
 + Level 1.3 Fire Magic
 + Level 1.3 Ice Magic
 + Level 4.0 Air Magic
 + Level 1.3 Earth Magic
 + Level 1.3 Poison Magic
 + Level 1.8 Invocations
 + Level 1.6 Evocations


You had 9 spell levels left.
You knew the following spells:

 Your Spells              Type           Power      Damage    Failure   Level
a - Shock                 Conj/Air       24%        1d4       45%         1

Your spell library contained the following spells:

 Spells                   Type           Power      Damage    Failure   Level
 Swiftness                Air            8%         N/A       63%         3
 Dazzling Flash           Conj/Hex       6%         N/A       95%         3
 Agony                    Necr           3%         N/A       100%        5
 Silence                  Hex/Air        3%         N/A       100%        5


Dungeon Overview and Level Annotations

Branches:
Dungeon (4/15)             Temple (1/1) D:4

Altars:
Elyvilon
Makhleb
Ru
Trog

Annotations:
D:4 1 runed translucent door, Miritol's ghost, amateur PaMo


Innate Abilities, Weirdness & Mutations

You have very sharp teeth.
Your uncanny sense of smell can sniff out nearby items.
Your experience applies equally to all skills.


Message History

The lemure is heavily wounded.
The lemure hits you but does no damage.
You closely miss the lemure.
The lemure is heavily wounded.
The lemure hits you.
You miss the lemure.
The lemure is heavily wounded.
The lemure hits you.
You hit the lemure. You punch the lemure.
The lemure is severely wounded.
Miritol's ghost turns its malevolent gaze towards you.
You hit the lemure but do no damage. Your bite misses the lemure.
The lemure is severely wounded.
The lemure barely misses you.
A two-headed ogre comes into view. It is wielding two +0 giant clubs.
The two-headed ogre shouts in stereo!
You hit the lemure.
The lemure is severely wounded.
You hear a shout!
The lemure barely misses you.
You miss the lemure.
The lemure is severely wounded.
The lemure hits you.
You hit the lemure. Your bite misses the lemure.
The lemure is almost dead.
You hit the lemure.
The lemure is almost dead.
The lemure hits you but does no damage.
You hit the lemure.
You kill the lemure!
That felt strangely unrewarding.
You reach to attack!
You hit the two-headed ogre.
The two-headed ogre is lightly wounded.
A lemure comes into view.
As you read the scroll labelled IRETRI XONING, it crumbles to dust.
You feel strangely unstable.
It was a scroll of teleportation.
The two-headed ogre hits you with a +0 giant club!!
* * * LOW HITPOINT WARNING * * *
The two-headed ogre hits you with a +0 giant club!
You die...

.........<.....
#................##..
+....###.....###....>
#....#≈≈≈≈≈≈≈≈≈#..##.
#....#≈#.....#≈#.....
#.....≈.......≈[.##..
.....≈.......≈..##..
#..≈...>...≈..###.
##@.≈.......≈).....
#.O.≈.......≈†.###.
#..#≈#.....#≈#..###
#..#≈≈≈≈≈≈≈≈≈#.†...
#####..###.....###...##
∆
#...5..............#.##
#..................#..
#.................####.
#5(................. .


You could see a two-headed ogre and a lemure.

Vanquished Creatures
  A lemure (D:4)
  A scorpion (D:4)
  A howler monkey (D:4)
  A hound skeleton (D:4)
  4 adders
  2 dart slugs
  An orc (D:4)
  4 bats
  An endoplasm (D:2)
  5 giant cockroaches
  4 hobgoblins
  4 jackals (D:4)
  2 quokkas (D:1)
  A ball python (D:3)
  5 frilled lizards
  8 goblins
  4 kobolds
  7 rats
56 creatures vanquished.

Notes
Turn   | Place    | Note
-------+----------+-------------------------------------------
     0 | D:1      | DearestLeader the Gnoll Wanderer began the quest for the
                  | Orb.
     0 | D:1      | DearestLeader set off with the following items: a +2 spear,
                  | a +0 cloak, a +0 robe; and the following spell memorised:
                  | Shock; and the following spells available to memorise:
                  | Swiftness
     0 | D:1      | Reached XP level 1. HP: 17/17 MP: 4/4
    37 | D:1      | Found a faded altar of an unknown god.
    48 | D:1      | Reached XP level 2. HP: 23/23 MP: 5/5
   493 | D:1      | Reached XP level 3. HP: 28/28 MP: 7/7
   586 | D:2      | Identified the +5 scale mail of Plasticity {rC+}
   894 | D:2      | Reached skill level 1 in Invocations
   937 | D:2      | Reached skill level 1 in Short Blades
   937 | D:2      | Reached skill level 1 in Long Blades
   937 | D:2      | Reached skill level 1 in Axes
   937 | D:2      | Reached skill level 1 in Maces & Flails
   937 | D:2      | Reached skill level 1 in Staves
   937 | D:2      | Reached skill level 1 in Slings
   937 | D:2      | Reached skill level 1 in Bows
   937 | D:2      | Reached skill level 1 in Crossbows
   937 | D:2      | Reached skill level 1 in Throwing
   937 | D:2      | Reached skill level 1 in Stealth
   937 | D:2      | Reached skill level 1 in Shields
   937 | D:2      | Reached skill level 1 in Unarmed Combat
   937 | D:2      | Reached skill level 1 in Evocations
  1188 | D:3      | Reached XP level 4. HP: 34/34 MP: 8/8
  1606 | D:4      | Found a staircase to the Ecumenical Temple.
  1644 | D:4      | Reached skill level 1 in Conjurations
  1644 | D:4      | Reached skill level 1 in Hexes
  1644 | D:4      | Reached skill level 1 in Summonings
  1644 | D:4      | Reached skill level 1 in Necromancy
  1644 | D:4      | Reached skill level 1 in Translocations
  1644 | D:4      | Reached skill level 1 in Transmutations
  1644 | D:4      | Reached skill level 1 in Fire Magic
  1644 | D:4      | Reached skill level 1 in Ice Magic
  1644 | D:4      | Reached skill level 1 in Earth Magic
  1644 | D:4      | Reached skill level 1 in Poison Magic
  1644 | D:4      | Reached XP level 5. HP: 40/40 MP: 9/9
  1661 | Temple   | Entered the Ecumenical Temple
  1674 | Temple   | Became a worshipper of Ru the Awakened
  1723 | D:4      | Found a runed translucent door.
  1724 | D:4      | Noticed a lemure
  1736 | D:4      | Noticed Miritol's ghost (amateur PaMo)
  1737 | D:4      | Noticed a two-headed ogre
  1742 | D:4      | Killed a lemure
  1743 | D:4      | Noticed a lemure
  1751 | D:4      | Slain by a two-headed ogre

Illustrated notes

Levels and vault maps discovered:
D:1:      amcnicky_arrival_single_pillar, layout_loops_cross,
          basic_ecumenical_altar, minmay_split_cup_small
D:2:      layout_loops_cross
D:3:      layout_basic
D:4:      layout_basic, minmay_temple_entry_water_ring,
          hellmonk_ghost_happy_afterlife, uniq_pikel
Temple:   regret_index_temple_sphere_string

Skill      XL: |  1  2  3  4  5 |
---------------+----------------+-----
Invocations    | 1 |  1.8
Short Blades   | 1 |  1.6
Long Blades    | 1 |  1.6
Axes           | 1 |  1.6
Maces & Flails | 1 |  1.6
Staves         | 1 |  1.6
Slings         | 1 |  1.6
Bows           | 1 |  1.6
Crossbows      | 1 |  1.6
Throwing       | 1 |  1.6
Stealth        | 1 |  1.6
Shields        | 1 |  1.6
Unarmed Combat | 1 |  1.6
Evocations     | 1 |  1.6
Spellcasting   | 3 |  3.2
Conjurations   | 1 |  1.3
Hexes          | 1 |  1.3
Summonings     | 1 |  1.3
Necromancy     | 1 |  1.3
Translocations | 1 |  1.3
Transmutations | 1 |  1.3
Fire Magic     | 1 |  1.3
Ice Magic      | 1 |  1.3
Earth Magic    | 1 |  1.3
Poison Magic   | 1 |  1.3
Fighting       | 3 |  3.0
Armour         | 3 |  3.0
Air Magic      | 4 |  4.0
Polearms       | |  6.7
Dodging        | |  4.8

Action                   |  1- 3 |  4- 6 || total
-------------------------+-------+-------++-------
Melee: Spear             |    98 |    85 ||   183
       Bite              |     2 |     9 ||    11
       Punch             |     1 |     3 ||     4
  Use: Scroll            |       |     1 ||     1
 Stab: Sleeping          |     4 |       ||     4
Armor: Robe              |     5 |       ||     5
       Scale mail        |    13 |    27 ||    40
Dodge: Dodged            |    24 |    25 ||    49
